 Dungeon Sprint DCSS version 0.26-a0-662-g8b9c6dab81 (webtiles) character file.

Game seed: 2557810154816803184

84 olmar the Covert (level 4, 0/42 HPs)
             Began as a Naga Brigand on Oct 9, 2020.
             Splashed by an oklob sapling priest's acid (11 damage)
             ... in the Dungeon (Sprint IV: "Fedhas' Mad Dash").
             The game lasted 00:00:57 (280 turns).

olmar the Covert (Naga Brigand)                      Turns: 280, Time: 00:00:58

Health: 0/42       AC: -4    Str: 14    XL:     4   Next: 45%
Magic:  13/13      EV:  9    Int: 11    God:
Gold:   74         SH:  0    Dex: 13    Spells: 3/3 levels left

rFire    . . .     SeeInvis +   a - +2 dagger
rCold    . . .     Faith    .   (no shield)
rNeg     . . .     Spirit   .   b - +0 robe
rPois    +         Reflect  .   (no helmet)
rElec    .         Harm     .   c - +0 cloak
rCorr    .         Rampage  .   (no gloves)
MR       .....     NoTele   +   (no barding)
Stlth    +++++.....             l - amulet of invisibility {+Inv}
HPRegen  0.14/turn              m - ring of magical power
MPRegen  0.13/turn              (no ring)

@: corroded, very slow
A: large, see invisible, deformed body, poison resistance, slowness 2, spit
poison 1, AC +1
a: Spit Poison, Evoke Invisibility


You were in the Dungeon.
You visited 1 branch You collected 74 gold pieces.

Inventory:

Hand Weapons
 a - a +2 dagger (weapon)
Missiles
 d - 8 poisoned darts (quivered)
 e - 2 curare-tipped darts
Armour
 b - a +0 robe (worn)
 c - a +0 cloak (worn)
Jewellery
 l - the amulet of invisibility (around neck) {+Inv}
   (You found it in the Dungeon)

   [amulet of nothing]

   It lets you turn invisible.
 m - a ring of magical power (left hand)
Scrolls
 j - a scroll of remove curse {unknown}
 k - a scroll of blinking
 n - a scroll of identify {unknown}
Potions
 f - a potion of curing
 g - a potion of heal wounds
 h - a potion of haste
 i - 2 potions of magic


   Skills:
 + Level 3.4 Fighting
 + Level 3.3 Short Blades
 - Level 1.7 Throwing
 - Level 0.7 Dodging
 + Level 12.4 Stealth


You had 3 spell levels left.
You didn't know any spells.
Your spell library was empty.

Dungeon Overview and Level Annotations

Branches:
Dungeon (1/1)

Altars:
Cheibriados
Dithmenos
Gozag
Hepliaklqana
Makhleb
Nemelex Xobeh
Okawaru
Ru
Sif Muna
Trog
Wu Jian
Xom
Yredelemnul
Zin
Beogh
Jiyva

Annotations:
D exclusion: oklob sapling


Innate Abilities, Weirdness & Mutations

You cannot wear boots.
Your serpentine skin is tough. (AC +1)
You have supernaturally acute eyesight. (SInv)
Armour fits poorly on your strangely shaped body.
Your system is resistant to poisons. (rPois)
You cover ground very slowly.
You can spit poison.


Message History

The oklob sapling priest spits acid at you.
The splash of acid misses you.
The oklob sapling priest casts a cantrip, but nothing happens.
Found three altars.
Press: ? - help, . - travel You can't see that place.
Unknown command.
Press: ? - help, v - describe, . - travel
Here: an oklob sapling priest The floor.
Unknown command.
You fail to use your ability.
The oklob sapling priest spits acid at you.
The splash of acid hits you. The acid corrodes you!
You are splashed with acid!
Unknown command.
The oklob sapling priest spits acid at you.
The splash of acid hits you!
* * * LOW HITPOINT WARNING * * *
The acid corrodes you!
You are splashed with acid!
You die...

#########################
<..P#.....#.....#.⌠._._._
PP..††....'.#...@.._._._.
PPPP#.....#.#...#..._._P_
##############'##.._._._.
+...#._._._._
#...######### #####


You could see an oklob sapling priest.

Vanquished Creatures
  2 oklob saplings (D)
  A worker ant (D)
  A river rat (D)
  A rat (D)
5 creatures vanquished.

Notes
Turn   | Place    | Note
-------+----------+-------------------------------------------
     0 | D        | olmar the Naga Brigand began the quest for the Orb.
     0 | D        | Reached XP level 1. HP: 19/19 MP: 1/1
     8 | D        | Reached skill level 6 in Stealth
    13 | D        | Reached skill level 8 in Stealth
    13 | D        | Reached XP level 2. HP: 27/27 MP: 2/2
   167 | D        | Noticed an oklob sapling
   168 | D        | Killed an oklob sapling
   168 | D        | Reached skill level 10 in Stealth
   168 | D        | Reached XP level 3. HP: 33/33 MP: 3/3
   171 | D        | Found the amulet of invisibility {+Inv}
   174 | D        | Reached skill level 11 in Stealth
   174 | D        | Reached XP level 4. HP: 42/42 MP: 4/4
   267 | D        | Reached skill level 12 in Stealth
   276 | D        | Found an opulent altar of Gozag.
   276 | D        | Found a hazy altar of Hepliaklqana.
   276 | D        | Found a roughly hewn altar of Beogh.
   276 | D        | Found a snail-covered altar of Cheibriados.
   277 | D        | Found a viscous altar of Jiyva.
   277 | D        | Found a burning altar of Makhleb.
   277 | D        | Found a sparkling altar of Nemelex Xobeh.
   277 | D        | Found a sacrificial altar of Ru.
   277 | D        | Found a shimmering blue altar of Sif Muna.
   277 | D        | Found a bloodstained altar of Trog.
   277 | D        | Found an ornate altar of the Wu Jian Council.
   277 | D        | Found a shimmering altar of Xom.
   277 | D        | Found a basalt altar of Yredelemnul.
   277 | D        | Noticed an oklob sapling priest
   278 | D        | Found an iron altar of Okawaru.
   278 | D        | Found a glowing silver altar of Zin.
   278 | D        | Found a shadowy altar of Dithmenos.
   280 | D        | Splashed by an oklob sapling priest's acid

Illustrated notes

Levels and vault maps discovered:
D:        dungeon_sprint_fedhas [sprint_temple]

Skill      XL: |  1  2  3  4 |
---------------+-------------+-----
Stealth        | 8 10 11 12 | 12.4
Fighting       | 3 |  3.4
Short Blades   | 3 |  3.3
Throwing       | |  1.7
Dodging        | |  0.7

Action                   |  1- 3 |  4- 6 || total
-------------------------+-------+-------++-------
Melee: Dagger            |     8 |     1 ||     9
  Use: Potion            |     1 |       ||     1
 Stab: Sleeping          |     2 |     1 ||     3
Dodge: Dodged            |     3 |     1 ||     4

Table legend: (Time is in decaauts)
 A = Elapsed time spent in this place.
 B = Non-inter-level travel time spent in this place.
 C = Inter-level travel time spent in this place.
 D = Time resting spent in this place.
 E = Time spent auto-exploring this place.
 F = Levels seen in this place.
 G = Mean time per level.
                   A        B        C        D        E       F      G
               +--------+--------+--------+--------+--------+-----+--------+
         Total |    304 |    304 |      0 |    227 |      0 |   1 |  304.0 |
       Dungeon |    304 |    304 |      0 |    227 |      0 |   1 |  304.0 |
               +--------+--------+--------+--------+--------+-----+--------+

Top non-repeatable levels by time:
       D: 304 daAuts
